cohdb
Replays
Latest Replays
All Replays
Popular Replays
Top Player Replays
Match Explorer
How It Works
Community
CoH3 Stats
Reddit
Sign in to upload your games and track your stats! →
Sign in with Steam
Match 42067352
Unlisted
Match 42067352
Overview
Messages
Build Orders
End
Kettenkrad Recon Vehicle
Construct Infanterie Kompanie
MG 42 Machine Gun Team
GrW 34 Mortar Team
Grenadier Squad
Construct Panzergrenadier Kompanie
MG 42 Machine Gun Team
Pak 40 Anti-tank Gun Team
Support Elements
MG 42 Bunker
Nebelwerfer 42 Rocket Launcher Team
251 Medium Carrier
StuG III G Assault Gun
251 Medium Carrier
Selects Terror Battlegroup
Selects Interrogate
Selects Propaganda Leaflet Drop
StuG III G Assault Gun
Selects V1 Rocket Strike
V1 Rocket Strike
251 Medium Carrier
Selects Machine Gun Camouflage
Nebelwerfer 42 Rocket Launcher Team
Selects Defend the Fatherland
Defend the Fatherland
StuG III G Assault Gun
MG 42 Machine Gun Team
StuG III G Assault Gun
V1 Rocket Strike
Pioneer Squad
Panzergrenadier Officer Quarters
Side Skirts
V1 Rocket Strike
Propaganda Leaflet Drop
Construct Panzer Kompanie
Grenadier Squad
Grenadier Squad
V1 Rocket Strike
Selects King Tiger Heavy Tank
King Tiger Heavy Tank
V1 Rocket Strike
King Tiger Heavy Tank
Propaganda Leaflet Drop
Grenadier Squad
Grenadier Squad
Grenadier Squad
V1 Rocket Strike
Anson.W
SvenDevil
lihao
Naka ngiti yang Guastatori_TVV
[HAN]Diederick Kastner
宝多六花
宇杰
帝国の突撃隊
0
0
Comments
sign in to comment!
No comments posted yet!